 Dungeon Crawl Stone Soup version 0.23-a0-402-g64599a1 (webtiles) character file.

275 RonnieColeman the Conjurer (level 6, -4/36 HPs)
             Began as an Octopode Conjurer on Nov 3, 2018.
             Slain by an orc
             ... wielding a +0 hand axe
              (7 damage)
             ... on level 3 of the Dungeon.
             The game lasted 00:10:17 (4407 turns).

RonnieColeman the Conjurer (Octopode Conjurer)      Turns: 4407, Time: 00:10:17

Health: -4/36      AC:  2    Str:  7    XL:     6   Next: 25%
Magic:  0/13       EV: 13    Int: 20    God:
Gold:   131        SH:  0    Dex: 12    Spells: 9/14 levels left

rFire    . . .     SeeInvis .   a - +0 club
rCold    + . .     Gourm    .   (no shield)
rNeg     . . .     Faith    .   n - +1 hat
rPois    .         Spirit   +   f - amulet of guardian spirit
rElec    .         Reflect  .   e - ring of protection from fire
rCorr    .         Harm     .   i - ring of ice
MR       +....                  j - ring of wizardry
Stlth    +++.......             t - ring of protection from magic
HPRegen  0.12/turn              (no ring)
MPRegen  0.13/turn              (no ring)
                                (no ring)
                                (no ring)

@: no status effects
A: almost no armour, stealthy swim, amphibious, 8 rings, constrict 8, camouflage
1, gelatinous body 1
a: no special abilities


You were on level 3 of the Dungeon.
You were near starving.

You visited 1 branch of the dungeon, and saw 4 of its levels.

You collected 131 gold pieces.

Inventory:

Hand Weapons
 a - a +0 club (weapon)
Armour
 n - a +1 hat (worn)
Jewellery
 e - a ring of protection from fire (left tentacle)
 f - an amulet of guardian spirit (around mantle)
 i - a ring of ice (right tentacle)
 j - a ring of wizardry (on tentacle)
 t - a ring of protection from magic (on tentacle)
Scrolls
 d - 3 scrolls of teleportation {unknown}
 g - 6 scrolls of identify {unknown}
 h - a scroll of fog {unknown}
 k - a scroll of enchant weapon {unknown}
 m - a scroll of blinking {unknown}
 s - a scroll of amnesia {unknown}
Potions
 c - 2 potions of degeneration {unknown}
 l - a potion of brilliance {unknown}
 o - a potion of agility {unknown}
 q - a potion of might {unknown}
 r - a potion of heal wounds {unknown}
Comestibles
 b - 6 rations


   Skills:
 - Level 2.0 Dodging
 - Level 2.6 Stealth
 * Level 4.9 Spellcasting
 + Level 5.3 Conjurations


You had 9 spell levels left.
You knew the following spells:

 Your Spells              Type           Power        Failure   Level  Hunger
a - Magic Dart            Conj           ####         1%          1    None
c - Iskenderun's Mystic   Conj           ####....     5%          4    ####...

Your spell library contained the following spells:

 Spells                   Type           Power        Failure   Level  Hunger
 Searing Ray              Conj           ####..       1%          2    #......
 Dazzling Spray           Conj/Hex       ###...       4%          3    ##.....
 Force Lance              Conj/Tloc      ###.....     16%         4    ####...
 Fulminant Prism          Conj/Hex       ###.......   16%         4    ####...


Dungeon Overview and Level Annotations

Branches:
Dungeon (4/15)
 Temple: D:4-7

Altars:
Xom


Innate Abilities, Weirdness & Mutations

You cannot wear most types of armour.
You are very stealthy in the water. (Stealth+)
You are amphibious.
You can wear up to eight rings at the same time.
You can use your tentacles to constrict eight enemies at once.
Your skin changes colour to match your surroundings (Stealth+).
Your rubbery body absorbs attacks. (AC +1, EV +1)


Message History

Casting: Magic Dart (safe; 1% risk of failure)
Confirm with . or Enter, or press ? or * to list all spells.
Aiming: Magic Dart (safe; 1% risk of failure)
Press: ? - help, Shift-Dir - straight line, f/p - orc
Aim: an orc, wielding a +0 hand axe and wearing a +0 chain mail (heavily The magic dart hits the orc.
The orc is heavily wounded.
The orc hits you but does no damage.
Casting: Magic Dart (safe; 1% risk of failure)
Confirm with . or Enter, or press ? or * to list all spells.
You don't have enough magic to cast that spell.
Unknown command.
You barely miss the orc. Your grab misses the orc.
The orc is heavily wounded.
The orc hits you with a +0 hand axe.
* * * LOW HITPOINT WARNING * * *
You hit the orc but do no damage. Your grab misses the orc.
The orc is heavily wounded.
The orc hits you with a +0 hand axe!
You die...

..####≈...#...#...§##.###.###....
.## #≈...##.##...≈#.............
..## #§§§......§§≈≈#..#.#..##....
...###§≈≈.......≈§≈####.#..#####.
....##≈≈§≈.....≈≈≈§# #<#.....[..
...###≈§§≈≈≈≈≈≈≈≈§≈# #.#.######.
..##.############### #.#.# #....
..##.# #.# #.#.# #..#. ..##.# #@#
#.#.# #..#> ####.# #o#
#.#.###..#) ##.# #o# #........).
#..###########.# #######.###
#...........##.############.#
#.#########.##...o.......##.#
#.#########.############.##.#
#........##.######## #<##.#
###.######.##.##.....#####[##.#


You could see 2 orcs.

Vanquished Creatures
  A bullfrog skeleton (D:3)
  3 orc wizards (D:3)
  Natasha (twice) (D:3)
  2 adders
  A shadow imp (D:2)
  3 oozes (D:2)
  2 worms (D:2)
  2 leopard geckos (D:2)
  9 orcs
  6 bats
  3 giant cockroaches
  13 goblins
  9 hobgoblins
  3 quokkas
  A ball python (D:3)
  3 frilled lizards
  4 kobolds
  2 rats
69 creatures vanquished.

Notes
Turn   | Place    | Note
-------+----------+-------------------------------------------
     0 | D:1      | RonnieColeman the Octopode Conjurer began the quest for the
                  | Orb.
     0 | D:1      | Reached XP level 1. HP: 11/11 MP: 3/3
    71 | D:1      | Found a shimmering altar of Xom.
   279 | D:1      | Reached XP level 2. HP: 3/17 MP: 5/5
  1468 | D:2      | Reached XP level 3. HP: 7/21 MP: 1/7
  2020 | D:2      | Reached XP level 4. HP: 27/27 MP: 1/9
  3003 | D:3      | Reached XP level 5. HP: 31/31 MP: 6/11
  3009 | D:3      | Learned a level 4 spell: Iskenderun's Mystic Blast
  3543 | D:3      | Reached skill level 5 in Conjurations
  3772 | D:3      | Noticed Natasha
  3783 | D:3      | Killed Natasha
  4054 | D:3      | Reached XP level 6. HP: 11/36 MP: 1/13
  4110 | D:3      | Noticed Natasha
  4112 | D:3      | Killed Natasha
  4407 | D:3      | Slain by an orc

Vault maps used:
D:1:      lightli_arrival_farm, palyth_stone_intersect, xom_teletrap_fun
D:2:      minmay_tetromino_i2
D:3:      cheibrodos_greedy_goblins, skrybe_limestone_x,
          kennysheep_generic_room_2, uniq_natasha
D:4:      lemuel_round_altar, first_ration, serial_shops, nicolae_shop_crystal,
          minmay_misc_feat_enclosed, okawaru_trees_1, uniq_edmund

Skill      XL: |  1  2  3  4  5 |
---------------+----------------+-----
Spellcasting   | 3 4 |  4.9
Conjurations   | 5 |  5.3
Dodging        | |  2.0
Stealth        | |  2.6

Action                   |  1- 3 |  4- 6 || total
-------------------------+-------+-------++-------
Melee: Club              |    38 |    66 ||   104
       Tentacles         |     8 |    11 ||    19
       Constrict         |    16 |    14 ||    30
 Cast: Magic Dart        |    32 |    90 ||   122
 Stab: Sleeping          |     6 |       ||     6
  Eat: Chunk             |     3 |     6 ||     9
Armor: Skin              |     5 |    22 ||    27
Dodge: Dodged            |    30 |    65 ||    95

Table legend:
 A = Non-vault XP
 B = Vault XP
 C = Vault XP percentage of total XP
 D = Non-vault monster count
 E = Vault monster count
 F = Vault count percentage of total count
                 A         B        C        D         E       F
            +---------+---------+-------+---------+---------+-------
      Total |     337 |      57 |  14.5 |      59 |      10 |  14.5
            +---------+---------+-------+---------+---------+-------
        D:1 |      20 |       0 |   0.0 |      13 |       0 |   0.0
        D:2 |      76 |       7 |   8.4 |      19 |       1 |   5.0
        D:3 |     236 |      50 |  17.5 |      25 |       9 |  26.5
        D:4 |       5 |       0 |   0.0 |       2 |       0 |   0.0
            +---------+---------+-------+---------+---------+-------
